 Dungeon Crawl Stone Soup version 0.27-a0-1612-gde56a17b89 (webtiles) character file.

Game seed: 16771607709369736767

266 hatdisgam the Skirmisher (level 6, 0/99 HPs)
             Began as an Ogre Berserker on July 21, 2021.
             Was a Believer of Trog.
             Slain by an orc priest (4 damage)
             ... on level 3 of the Dungeon.
             The game lasted 00:02:51 (2825 turns).

hatdisgam the Skirmisher (Ogre Berserker)           Turns: 2825, Time: 00:02:52

Health: 0/99       AC:  3    Str: 24    XL:     6   Next: 20%
Magic:  6/6        EV: 10    Int:  8    God:    Trog [**....]
Gold:   168        SH:  0    Dex:  8    Spells: 5/5 levels left

rFire    . . .     SeeInvis .   a - +0 mace
rCold    . . .     Faith    .   (no shield)
rNeg     . . .     Spirit   .   b - +0 animal skin
rPois    .         Reflect  .   (helmet restricted)
rElec    .         Harm     .   (no cloak)
rCorr    .         Rampage  .   (gloves unavailable)
Will     .....                  (boots unavailable)
Stlth    ..........             (no amulet)
HPRegen  0.26/turn              (no ring)
MPRegen  0.10/turn              (no ring)

@: berserking (expiring), very quick
A: large, unfitting armour, tough skin 1
a: Renounce Religion, Berserk, Trog's Hand


You were on level 3 of the Dungeon.
You worshipped Trog.
Trog was pleased with you.
You visited 1 branch of the dungeon, and saw 3 of its levels.

You collected 168 gold pieces.

Inventory:

Hand Weapons
 a - a +0 mace (weapon)
Missiles
 m - 2 poisoned darts (quivered)
 n - 24 stones
 o - 14 arrows
Armour
 b - a +0 animal skin (worn)
Jewellery
 g - a ring of fire
Scrolls
 c - a scroll of acquirement {unknown}
 d - a scroll of fog {unknown}
 e - 2 scrolls of teleportation {unknown}
 f - 2 scrolls of identify {unknown}
 h - a scroll of magic mapping {unknown}
 j - a scroll of torment {unknown}
 l - a scroll of summoning {unknown}
Potions
 i - a potion of curing {unknown}
 k - 3 potions of degeneration {unknown}


   Skills:
 + Level 5.6 Fighting
 * Level 4.7 Maces & Flails
 + Level 3.8 Dodging


You had 5 spell levels left.
You didn't know any spells.
Your spell library was empty.

Dungeon Overview and Level Annotations

Branches:
Dungeon (3/15)

Altars:


Innate Abilities, Weirdness & Mutations

You are too large for most types of armour.
You have tough skin. (AC +1)


Message History

You miss the orc wizard.
You feel the effects of Trog's Hand fading.
The orc wizard hits you with a +0 dagger.
* * * LOW HITPOINT WARNING * * *
You sock the orc wizard!
The orc wizard is almost dead.
The orc wizard casts a spell at you. The puff of flame hits you!
* * * LOW HITPOINT WARNING * * *
You closely miss the orc wizard.
The orc wizard is almost dead.
You barely miss the orc wizard.
The orc wizard is almost dead.
The orc wizard points at you and mumbles some strange words.
The magic dart hits you.
* * * LOW HITPOINT WARNING * * *
The orc priest looks encouraged for a moment.
You hit the orc wizard.
You feel the power of Trog in you as your rage grows.
You kill the orc wizard!
Trog accepts your kill.
Trog appreciates your killing of a magic user.
You thump the orc!
You kill the orc!
Trog accepts your kill.
The orc priest invokes the aid of Beogh against you.
Beogh smites you!
* * * LOW HITPOINT WARNING * * *
Items here: )))) [[[ †††.
You hit the orc priest.
The orc priest is heavily wounded.
The orc priest hits you with a +0 short sword.
* * * LOW HITPOINT WARNING * * *
You hit the orc priest.
The orc priest is severely wounded.
Your skin stops crawling.
You feel less strong-willed.
You hit the orc priest.
The orc priest is almost dead.
The orc priest hits you with a +0 short sword.
You die...

...........#...#.# #.#
..##.#######.#.#)# #.#
..##.### #.#.#)# #.#
#......# #.....# #.#
#..#.#.#####.....# #.#
#..........#....## #.#
##.#.#.###.#.#.## #.#
#.....###.....#######.#
###.........÷.o@......#
#######....#.########
#.#.##.# # #.#.##.# ..#
#.#.##.# #.# #....#.# .
.. .......# .. ##
##...### ... ...##


You could see an orc priest.

Vanquished Creatures
  A necrophage (D:3)
  An orc priest (D:3)
  Terence (D:2)
  2 orc wizards (D:3)
  2 adders (D:3)
  2 dart slugs
  5 orcs (D:3)
  3 endoplasms
  2 giant cockroaches
  5 goblins
  A hobgoblin (D:1)
  4 jackals (D:1)
  3 quokkas
  6 ball pythons
  4 bats
  3 frilled lizards
  6 kobolds
  3 rats
54 creatures vanquished.

Notes
Turn   | Place    | Note
-------+----------+-------------------------------------------
     0 | D:1      | hatdisgam the Ogre Berserker began the quest for the Orb.
     0 | D:1      | Reached XP level 1. HP: 24/24 MP: 1/1
   280 | D:1      | Reached XP level 2. HP: 15/32 MP: 2/2
  1179 | D:1      | Reached ** piety under Trog
  1333 | D:2      | Reached XP level 3. HP: 34/40 MP: 3/3
  1394 | D:2      | Found a faded altar of an unknown god.
  1465 | D:2      | Noticed Terence
  1482 | D:2      | Killed Terence
  1483 | D:2      | Reached XP level 4. HP: 37/49 MP: 4/4
  2503 | D:3      | Noticed a necrophage
  2520 | D:3      | Killed a necrophage
  2521 | D:3      | Reached skill level 5 in Fighting
  2521 | D:3      | Reached XP level 5. HP: 29/57 MP: 5/5
  2814 | D:3      | Reached XP level 6. HP: 32/66 MP: 6/6
  2823 | D:3      | HP: 3/99 [orc priest (3)]
  2825 | D:3      | Slain by an orc priest

Illustrated notes

Levels and vault maps discovered:
D:1:      psy_arrival_radial01, layout_basic, minmay_distorted
D:2:      layout_rooms, shapermc_ecumenical_altar_gd, chequers_garden,
          dk_noncrumbling_4, uniq_terence
D:3:      layout_loops_ring, minmay_cupped

Skill      XL: |  1  2  3  4 |
---------------+-------------+-----
Maces & Flails | 3 4 |  4.7
Dodging        | 3 |  3.8
Fighting       | 5 |  5.6

Action                   |  1- 3 |  4- 6 || total
-------------------------+-------+-------++-------
Melee: Mace              |    86 |    91 ||   177
Invok: Berserk           |     1 |     2 ||     3
       Trog's Hand       |       |     1 ||     1
 Stab: Sleeping          |     1 |       ||     1
Armor: Animal skin       |    30 |    20 ||    50
Dodge: Dodged            |    68 |    37 ||   105

Table legend: (Time is in decaauts)
 A = Elapsed time spent in this place.
 B = Non-inter-level travel time spent in this place.
 C = Inter-level travel time spent in this place.
 D = Time resting spent in this place.
 E = Time spent auto-exploring this place.
 F = Levels seen in this place.
 G = Mean time per level.
                   A        B        C        D        E       F      G
               +--------+--------+--------+--------+--------+-----+--------+
         Total |   2875 |   2861 |     14 |     34 |   2414 |   3 |  958.3 |
       Dungeon |   2875 |   2861 |     14 |     34 |   2414 |   3 |  958.3 |
               +--------+--------+--------+--------+--------+-----+--------+

Top non-repeatable levels by time:
     D:1: 1344 daAuts
     D:2: 825 daAuts
     D:3: 706 daAuts
